 Dungeon Crawl Stone Soup version 0.19-a0-1553-g64c24c3 (webtiles) character file.

54 FrankyJ the Sneak (level 4, -17/29 HPs)
             Began as a Halfling Assassin on Sept 15, 2016.
             Demolished by an ogre
             ... wielding a +0 giant spiked club
              (33 damage)
             ... on level 4 of the Dungeon.
             The game lasted 00:03:34 (782 turns).

FrankyJ the Sneak (Halfling Assassin)                Turns: 782, Time: 00:03:35

Health: -17/29     AC:  4    Str: 13    XL:     4   Next: 12%
Magic:  4/4        EV: 14    Int:  9    God:
Gold:   17         SH:  0    Dex: 15    Spells: 0 memorised, 3 levels left

rFire  . . .     SeeInvis .     b - +0 blowgun
rCold  . . .     Gourm    .     c - +0 robe
rNeg   . . .     Faith    .     (shield restricted)
rPois  .         Spirit   .     (no helmet)
rElec  .         Dismiss  .     d - +0 cloak
rCorr  .         Reflect  .     p - +0 pair of gloves
MR     .....     Harm     .     (no boots)
Stlth  +++.......               (no amulet)
                                (no ring)
                                (no ring)

@: no status effects
A: mutation resistance 1
a: no special abilities


You were on level 4 of the Dungeon.
You were not hungry.

You visited 1 branch of the dungeon, and saw 4 of its levels.

You collected 17 gold pieces.

Inventory:

Hand Weapons
 a - a +2 dagger
 b - a +0 blowgun (weapon)
 q - a +0 hunting sling
Missiles
 e - 10 poisoned needles (quivered)
 f - 2 curare-tipped needles
Armour
 c - a +0 robe (worn)
 d - a +0 cloak (worn)
 p - a +0 pair of gloves (worn)
Scrolls
 k - a scroll of random uselessness {unknown}
 m - a scroll of enchant weapon {unknown}
 o - a scroll of remove curse {unknown}
 r - a scroll of identify {unknown}
 s - a scroll of noise {unknown}
Potions
 j - a potion of heal wounds {unknown}
 l - a potion of agility {unknown}
 n - a potion of curing {unknown}
 t - a potion of lignification {unknown}
Comestibles
 g - 2 bread rations
 h - a beef jerky
 i - 2 chunks of flesh


   Skills:
 - Level 2.1 Fighting
 + Level 3.1 Short Blades
 - Level 2.0 Throwing
 - Level 1.1 Dodging
 * Level 5.5 Stealth


You had 3 spell levels left.
You didn't know any spells.

Dungeon Overview and Level Annotations

Branches:
Dungeon (4/15)
 Temple: D:4-7

Altars:

Annotations:
D:4 Natasha, Sigmund


Innate Abilities, Weirdness & Mutations

You are small and have problems with some larger weapons.
You are somewhat resistant to further mutation.


Message History

Aim: an ogre, wielding a giant spiked club (heavily wounded)
You shoot a poisoned needle.
The poisoned needle barely misses the ogre.
The ogre barely misses you.
Firing (i - inventory. (,) - cycle):
e - 12 poisoned needles (quivered)
Press: ? - help, Shift-Dir - straight line, f/p - ogre
Aim: an ogre, wielding a giant spiked club (heavily wounded)
You shoot a poisoned needle.
The poisoned needle barely misses the ogre.
The ogre hits you with a giant spiked club!
Firing (i - inventory. (,) - cycle):
e - 11 poisoned needles (quivered)
Press: ? - help, Shift-Dir - straight line, f/p - ogre
Aim: an ogre, wielding a giant spiked club (heavily wounded)
You shoot a poisoned needle. The poisoned needle hits the ogre.
The ogre is poisoned.
The ogre is heavily wounded.
The ogre looks more healthy.
The ogre hits you with a giant spiked club!!
Ouch! That really hurt!
You die...

#..#.##.#.##.#####
#.......#.##.##
##.#..(...#.(.#
#.########...# #O# #...#
# #.# #...# ###.#
######...######
##..###........O....#.##
##(.............@.<.....
......#.............#.##
..#...######...######
.###..# #...# ## ##.#
#...# .###..# #...#
..#...# #.... ......#
###... ..##### ...#


You could see an ogre.

Vanquished Creatures
  A centaur skeleton (D:4)
  An ooze (D:1)
  A giant gecko (D:1)
  A bat (D:1)
  A giant cockroach (D:1)
  2 goblins (D:1)
  3 hobgoblins (D:1)
  3 jackals (D:4)
  2 kobolds (D:1)
  A ball python (D:2)
  2 frilled lizards
18 creatures vanquished.

Notes
Turn   | Place    | Note
-------+----------+-------------------------------------------
     0 | D:1      | FrankyJ the Halfling Assassin began the quest for the Orb.
     0 | D:1      | Reached XP level 1. HP: 14/14 MP: 1/1
    57 | D:1      | Reached XP level 2. HP: 9/19 MP: 2/2
   440 | D:1      | Reached skill level 5 in Stealth
   440 | D:1      | Reached XP level 3. HP: 22/24 MP: 3/3
   649 | D:4      | Reached XP level 4. HP: 24/29 MP: 4/4
   663 | D:4      | Noticed Sigmund
   741 | D:4      | Noticed an ogre
   758 | D:4      | Noticed Natasha
   782 | D:4      | Demolished by an ogre

Vault maps used:
D:1:      saegor_arrival_simple_a, roderic_digamma_sauvastika,
          nicolae_ashenzari_panopticon
D:2:      grunt_qazlal_clouds
D:3:      kennysheep_cross_room, guppyfry_early_orc_mine, uniq_grinder
D:4:      first_bread, uniq_sigmund, uniq_natasha, uniq_pikel,
          uniq_crazy_yiuf_cottage, uniq_duvessa

Skill      XL: |  1  2  3 |
---------------+----------+-----
Fighting       | 2 |  2.1
Stealth        | 5 |  5.5
Short Blades   | 3 |  3.1
Throwing       | |  2.0
Dodging        | |  1.1

Action                   |  1- 3 |  4- 6 || total
-------------------------+-------+-------++-------
Melee: Dagger            |    62 |       ||    62
 Fire: Blowgun           |     7 |     6 ||    13
 Stab: Sleeping          |     1 |       ||     1
Armor: Robe              |    16 |       ||    16
Dodge: Dodged            |    52 |     1 ||    53
